 Dungeon Crawl Stone Soup version 0.30-a0-881-g1ff12e1e11 (webtiles) character file.

Game seed: 10703130022942333004

823 bande the Chopper (level 7, -2/44 HPs)
             Began as a Gargoyle Fighter on Mar 14, 2023.
             Killed from afar by Dowan (26 damage)
             ... with a shard of ice
             ... on level 5 of the Dungeon.
             The game lasted 00:07:41 (4854 turns).

bande the Chopper (Gargoyle Fighter)                Turns: 4854, Time: 00:07:41

Health: -2/44      AC: 14    Str: 19    XL:     7   Next: 96%
Magic:  7/7        EV:  5    Int:  9    God:
Gold:   269        SH:  9    Dex: 11    Spells: 6/6 levels left

rFire   . . .      SeeInvis +    a - +0 war axe (vamp)
rCold   . . .      Faith    .    t - +1 kite shield
rNeg    + . .      Spirit   .    c - +0 chain mail
rPois   ∞          Reflect  .    (no helmet)
rElec   +          Rampage  .    (no cloak)
rCorr   .                        (no gloves)
Will    .....                    (no boots) Stlth
                                 (no amulet)
HPRegen 0.27/turn                h - ring of see invisible
MPRegen 0.10/turn                k - ring of flight

@: flying
A: sickness immunity, AC +4, negative energy resistance 1, electricity
resistance, torment resistance 1, petrification resistance
a: no special abilities


You were on level 5 of the Dungeon.
You visited 1 branch of the dungeon, and saw 5 of its levels.

You collected 269 gold pieces.

Inventory:

Hand Weapons
 a - a +0 vampiric war axe (weapon)
 b - a +0 flail
Armour
 c - a +0 chain mail (worn)
 t - a +1 kite shield (worn)
Jewellery
 h - a ring of see invisible (left hand)
 k - a ring of flight (right hand)
Wands
 f - a wand of flame (3)
Scrolls
 e - a scroll of fog
 j - 3 scrolls of poison
 p - a scroll of teleportation
 s - a scroll of silence {unknown}
Potions
 d - a potion of might
 g - a potion of ambrosia
 i - 4 potions of lignification {unknown}
 l - 3 potions of invisibility
 m - a potion of heal wounds {unknown}
 n - a potion of resistance {unknown}
 o - 2 potions of brilliance
 q - 2 potions of curing
 r - a potion of mutation {unknown}


   Skills:
 + Level 4.7 Fighting
 + Level 5.7 Axes
 + Level 5.0 Armour
 + Level 4.5 Shields
 * Level 2.2 Evocations


You had 6 spell levels left.
You didn't know any spells.
Your spell library was empty.

Dungeon Overview and Level Annotations

Branches:
Dungeon (5/15)
 Temple: D:4-7

Altars:
Makhleb
Xom

Annotations:
D:5 Dowan


Innate Abilities, Weirdness & Mutations

You are immune to sickness and miasma.
Your stone body is resilient. (AC +4)
You are immune to poison.
You resist negative energy. (rN+)
You are resistant to electric shocks. (rElec)
You are resistant to unholy torment.
You are immune to petrification.


Message History

Duvessa hits you with a +2 rapier of holy wrath!
You block Duvessa's attack.
You slash Duvessa!
You feel better.
Duvessa is moderately wounded.
Duvessa hits you with a +2 rapier of holy wrath.
Duvessa hits you with a +2 rapier of holy wrath!
Dowan casts a spell.
Dowan blinks!
You hit Duvessa.
You feel better.
Duvessa is moderately wounded.
You block Duvessa's attack.
Duvessa hits you with a +2 rapier of holy wrath!
Duvessa hits you with a +2 rapier of holy wrath.
You are too injured to fight recklessly!
You are too injured to fight recklessly!
You are too injured to fight recklessly!
You are too injured to fight recklessly!
You are too injured to fight recklessly!
You are too injured to fight recklessly!
You are too injured to fight recklessly!
You slash Duvessa!
You feel better.
Duvessa is severely wounded.
Duvessa hits you but does no damage. x2
You slash Duvessa!
You kill Duvessa!
Dowan screams, "No!
Oh no!"
Dowan seems to find hidden reserves of power!
Dowan mumbles some strange words.
Dowan blinks!
Dowan gestures at you while chanting. You block the shard of ice.
Your Armour skill increases to level 5!
You barely miss Dowan. Dowan casts a spell at you. The stone arrow misses you.
Dowan hits you with a +0 dagger.
You hit Dowan but do no damage. Dowan hits you but does no damage.
Dowan casts a spell at you. The shard of ice hits you!!
Ouch! That really hurt!
You die...

#.....##
####......#
#....####........##
#..#...###......##
#...####........#
##.### #.....##.†
#..# ##..######
#..# #### # #e##
##@# #.## #)# ..#
#.## #. .# . ##


You could see Dowan (fast, empowered).

Vanquished Creatures
  Edmund (D:4)
  Duvessa (D:5)
  An ogre (D:5)
  2 scorpions (D:4)
  A howler monkey (D:4)
  A hound (D:5)
  A sleepcap (D:4)
  Ijyb (D:3)
  Natasha (twice) (D:4)
  An iguana (D:4)
  An orc wizard (D:3)
  5 gnolls
  3 adders
  3 worms
  3 dart slugs
  10 orcs (D:3)
  9 endoplasms
  4 giant cockroaches
  5 hobgoblins
  7 jackals
  3 quokkas
  4 ball pythons
  10 bats
  5 frilled lizards
  6 goblins
  9 kobolds
  3 rats
102 creatures vanquished.

Notes
Turn   | Place    | Note
-------+----------+-------------------------------------------
     0 | D:1      | bande the Gargoyle Fighter began the quest for the Orb.
     0 | D:1      | Reached XP level 1. HP: 14/14 MP: 1/1
   327 | D:1      | Reached XP level 2. HP: 19/19 MP: 2/2
   951 | D:2      | Reached XP level 3. HP: 22/23 MP: 3/3
  1231 | D:2      | Reached XP level 4. HP: 29/29 MP: 4/4
  1960 | D:3      | Found a faded altar of an unknown god.
  1967 | D:3      | Reached XP level 5. HP: 32/33 MP: 5/5
  2076 | D:3      | Upgraded the game from 0.30-a0-879-ga8ba668304 to
                  | 0.30-a0-881-g1ff12e1e11
  2565 | D:4      | Noticed Ijyb
  2867 | D:3      | Killed Ijyb
  3117 | D:4      | Found a burning altar of Makhleb.
  3174 | D:4      | Reached XP level 6. HP: 38/38 MP: 6/6
  3218 | D:4      | Found a shimmering altar of Xom.
  3514 | D:4      | Reached skill level 1 in Evocations
  3580 | D:4      | Noticed Natasha
  3585 | D:4      | Killed Natasha
  3586 | D:4      | Reached skill level 5 in Axes
  3586 | D:4      | Reached XP level 7. HP: 44/44 MP: 7/7
  3886 | D:4      | Noticed Edmund
  3899 | D:4      | Killed Edmund
  4303 | D:5      | Entered Level 5 of the Dungeon
  4528 | D:4      | Noticed Natasha
  4540 | D:4      | Killed Natasha
  4841 | D:5      | Noticed Dowan
  4842 | D:5      | Noticed Duvessa
  4851 | D:5      | Killed Duvessa
  4852 | D:5      | Reached skill level 5 in Armour
  4854 | D:5      | Killed from afar by Dowan

Illustrated notes

Levels and vault maps discovered:
D:1:      dpeg_arrival_brainrot, layout_basic
D:2:      layout_loops_ring, minmay_indecisive_spiral
D:3:      layout_loops_ring, basic_ecumenical_altar
D:4:      layout_basic, mainiacjoe_overflow_concentric_impassable,
          mainiacjoe_overflow_boulevard, uniq_ijyb, uniq_edmund, uniq_natasha
D:5:      layout_cave_pods, tso_oasis_becter, grunt_gozag_breadcrumbs,
          kennysheep_slug_shrine, serial_shops, nicolae_shop_advertising_works
          [nicolae_subvault_shop_adworks], uniq_duvessa

Skill      XL: |  1  2  3  4  5  6  7 |
---------------+----------------------+-----
Axes           | 2 3 4 5 |  5.7
Armour         | 4 5 |  5.0
Fighting       | 4 |  4.7
Shields        | 4 |  4.5
Evocations     | 1 2 |  2.2

Action                     |  1- 3 |  4- 6 |  7- 9 || total
---------------------------+-------+-------+-------++-------
  Melee: War axe           |   122 |   149 |    51 ||   322
    Use: Scroll            |       |    12 |       ||    12
         Potion            |       |       |     2 ||     2
 Armour: Scale mail        |    97 |    39 |       ||   136
         Chain mail        |       |    38 |    34 ||    72
  Dodge: Dodged            |    64 |    53 |    13 ||   130
  Block: Buckler           |    41 |    18 |       ||    59
         Kite shield       |       |    36 |    27 ||    63

Table legend: (Time is in decaauts)
 A = Elapsed time spent in this place.
 B = Non-inter-level travel time spent in this place.
 C = Inter-level travel time spent in this place.
 D = Time resting spent in this place.
 E = Time spent auto-exploring this place.
 F = Levels seen in this place.
 G = Mean time per level.
                   A        B        C        D        E       F      G
               +--------+--------+--------+--------+--------+-----+--------+
         Total |   5004 |   4940 |     64 |   1270 |   2683 |   5 | 1000.8 |
       Dungeon |   5004 |   4940 |     64 |   1270 |   2683 |   5 | 1000.8 |
               +--------+--------+--------+--------+--------+-----+--------+

Top non-repeatable levels by time:
     D:4: 1593 daAuts
     D:3: 1388 daAuts
     D:1: 954 daAuts
     D:2: 781 daAuts
     D:5: 286 daAuts
